 Dungeon Crawl Stone Soup version 0.18.1-8-gdd0e5ea (webtiles) character file.

102 epen the Changer (level 4, -4/33 HPs)
             Began as a Merfolk Transmuter on May 22, 2016.
             Slain by an adder (5 damage)
             ... in a sewer.
             The game lasted 00:03:36 (1728 turns).

epen the Changer (Merfolk Transmuter)               Turns: 1728, Time: 00:03:36

Health: -4/33      AC:  2    Str:  8 (10) XL:     4   Next: 78%
Magic:  7/7        EV: 13    Int: 11 (13) God:
Gold:   94         SH:  0    Dex: 12 (14) Spells: 3 memorised, 2 levels left

rFire  . . .     SeeInvis .       - Unarmed
rCold  . . .     Gourm    .     b - +0 robe
rNeg   . . .     Faith    .     (no shield)
rPois  .         Spirit   .     (no helmet)
rElec  .         Dismiss  .     (no cloak)
rCorr  .         Reflect  .     (no gloves)
SustAt .         Harm     .     (boots currently unavailable)
MR     .....     Rnd*Tele +     (no amulet)
Stlth  ++........               (no ring)
                                n - ring of teleportation

@: constricted, very quick, not resistant to hostile enchantments, unstealthy
A: change form in water, swift swim
a: no special abilities


You were in a sewer.
You were hungry.

You visited 1 branch of the dungeon, and saw 3 of its levels.
You also visited: Sewer.

You collected 94 gold pieces.

Inventory:

Missiles
 a - 12 arrows
Armour
 b - a +0 robe (worn)
Jewellery
 n - a ring of teleportation (left hand)
 o - a cursed ring of loudness {unknown}
Scrolls
 g - a scroll of magic mapping
 h - 2 scrolls of remove curse
 i - a scroll of identify
Potions
 e - a potion of haste
 p - a potion of curing {unknown}
 t - a potion of brilliance
Books
 c - a book of Changes

   Spells                             Type                      Level
   a - Beastly Appendage              Transmutation                1
   b - Sticks to Snakes               Transmutation                2
   c - Spider Form                    Transmutation/Poison         3
   d - Ice Form                       Ice/Transmutation            4
   e - Blade Hands                    Transmutation                5
Comestibles
 d - a bread ration
 f - 2 beef jerkies
 s - a meat ration


   Skills:
 + Level 2.1 Fighting
 + Level 3.6 Dodging
 * Level 3.9 Unarmed Combat
 + Level 2.5 Spellcasting
 * Level 4.1 Transmutations


You had 2 spell levels left.
You knew the following spells:

 Your Spells              Type           Power        Failure   Level  Hunger
a - Beastly Appendage     Trmt           ##....       6%          1    ##.....
b - Sticks to Snakes      Trmt           ##......     10%         2    ###....
c - Spider Form           Trmt/Pois      #.........   38%         3    ####...


Dungeon Overview and Level Annotations

Branches:
Dungeon (3/15)

Altars:
Dithmenos

Annotations:
D:3 AlchemyTwo's ghost, amateur HuBe


Message History

t - a potion of brilliance The pull of its song draws you forwards.
The adder closely misses you.
Drink which item? (? for menu, Esc to quit)
You can't drink that!
Drink which item? (? for menu, Esc to quit)
It was a potion of lignification.
You feel woody for a moment. The adder completely misses you.
The ball python closely misses you. x2
The adder completely misses you.
Drink which item? (? for menu, Esc to quit)
It was a potion of cancellation.
Your magical effects are unravelling.
Your magical contamination has completely faded away.
You feel magically purged.
You feel yourself slow down.
You break out of your daze.
The ball python misses you. The ball python grabs you.
* * * LOW HITPOINT WARNING * * *
The ball python constricts you. The adder bites you.
You die...

***###############**********
***################*********
***≈≈≈≈≈≈≈≈≈≈≈≈≈≈≈≈≈≈≈******
***≈≈≈≈≈≈≈≈≈≈≈≈≈≈≈≈≈≈≈******
***≈≈≈≈≈≈≈≈≈≈≈≈≈≈≈≈≈≈≈******
***≈≈≈≈≈≈≈≈≈≈≈≈≈≈#**********
**#≈≈≈≈≈≈≈≈≈≈≈≈≈.+,,,,,+,,,,
**#≈≈≈≈≈≈≈≈≈≈≈≈≈.#******,,,,
**#≈≈≈≈≈≈≈S@Sm≈≈.# *,,**,,,,
**#≈≈≈≈≈≈≈SS≈≈≈≈.# *,,#*,,,,
*##≈≈≈≈≈≈≈≈ll≈r≈≈###,.#*∩,,≈
###≈≈≈≈≈≈≈≈≈≈≈≈≈≈≈≈#..####**
###≈≈≈≈≈≈≈≈l≈≈r≈≈rr≈≈≈l≈≈≈≈≈
###≈≈≈≈≈≈≈≈≈≈≈≈≈≈≈≈#..####**
###≈≈≈≈≈≈≈≈≈≈≈≈≈≈###,.# *≈≈
###≈≈≈≈≈≈≈≈≈≈≈≈≈≈# **,#* *≈≈
###≈≈≈≈≈≈≈≈≈≈≈≈≈## *,,***,,


You could see a malarious merfolk avatar, 2 adders, a giant gecko, 2 ball
pythons, 2 giant newts and 4 rats.

Vanquished Creatures
  A giant frog (D:3)
  A worm (D:3)
  2 giant geckos
  4 bats
  3 giant cockroaches (D:1)
  2 goblins
  6 hobgoblins
  2 jackals (D:2)
  3 kobolds
  2 giant newts (D:2)
  9 rats
35 creatures vanquished.

Notes
Turn   | Place    | Note
--------------------------------------------------------------
     0 | D:1      | epen the Merfolk Transmuter began the quest for the Orb.
     0 | D:1      | Reached XP level 1. HP: 15/15 MP: 3/3
    87 | D:1      | Reached skill level 3 in Transmutations
   208 | D:1      | Reached XP level 2. HP: 7/21 MP: 5/5
   576 | D:1      | Found a shadowy altar of Dithmenos.
   816 | D:2      | Learned a level 2 spell: Sticks to Snakes
   877 | D:2      | Reached XP level 3. HP: 17/26 MP: 6/6
   882 | D:2      | Learned a level 3 spell: Spider Form
  1556 | D:3      | Noticed a giant frog
  1567 | D:3      | Killed a giant frog
  1567 | D:3      | Reached skill level 4 in Transmutations
  1567 | D:3      | Reached XP level 4. HP: 15/33 MP: 3/7
  1644 | D:3      | Noticed AlchemyTwo's ghost (amateur HuBe)
  1656 | D:3      | Found a glowing drain.
  1661 | Sewer    | Entered a sewer
  1673 | Sewer    | Noticed a malarious merfolk avatar
  1718 | Sewer    | HP: 1/33 [adder (2)]
  1728 | Sewer    | HP: 1/33 [ball python (1)]
  1728 | Sewer    | Slain by an adder

Skill      XL: |  1  2  3 |
---------------+----------+-----
Transmutations | 3 4 |  4.1
Dodging        | 3 |  3.6
Fighting       | 2 |  2.1
Unarmed Combat | |  3.9
Spellcasting   | |  2.5

Action                   |  1- 3 |  4- 6 || total
-------------------------+-------+-------++-------
Melee: Unarmed           |   107 |    12 ||   119
       Punch             |     1 |     2 ||     3
       Headbutt          |     1 |       ||     1
       Tailslap          |       |     2 ||     2
 Cast: Spider Form       |     2 |       ||     2
       Beastly Appendage |     1 |       ||     1
  Use: Scroll            |       |     5 ||     5
       Potion            |       |     5 ||     5
  Eat: Chunk             |     2 |       ||     2
Armor: Robe              |    17 |     4 ||    21
Dodge: Dodged            |    69 |    34 ||   103
